AoeStats
← darador86

Arabian Desert

510657825Analyzed
1v1 RM · 1d ago on Oct 2, 2026· 55m 14s· 2 players
Game mode
Random Map
Map size
Tiny (2 player)
Population
200
Speed
Normal
Resources
Standard
Victory
Conquest
Starting age
Dark Age
Ending age
Imperial Age
RankedLock teamsTeams togetherTeam positionsShared explorationLock speedFull tech treeHidden civsTurbo modeCheats
Victory
Defeat
🇦🇷 Franks · Argentina
541
+13
🇺🇸 Magyars · United States
478
-13
Cbear
2:25 Loom
12:46 Feudal Age
13:13 Horse Collar
13:26 Double-Bit Axe
14:37 Bloodlines
22:06 Wheelbarrow
24:56 Castle Age
27:14 Heavy Plow
28:24 Stone Mining
31:11 Gold Mining
32:03 Pikeman
34:28 Corvinian Army
35:18 Bow Saw
40:35 Imperial Age
40:00 Elite Skirmisher
42:21 Conscription
41:45 Capped Ram
43:58 Gold Shaft Mining
46:58 Scale Barding Armor
46:54 Scale Mail Armor
47:48 Town Watch
49:59 Halberdier
darador86
11:51 Feudal Age
12:40 Double-Bit Axe
14:00 Gold Mining
18:56 Town Watch
22:46 Stone Mining
25:57 Castle Age
27:22 Pikeman
28:40 Bow Saw
29:29 Squires
33:49 Ordonnance Companies
34:10 Crossbowman
37:06 Wheelbarrow
44:02 Imperial Age
44:22 Murder Holes
46:12 Cranequins
52:49 Chemistry
Connection lost

Rejoining the realm…

Still unreachable

The connection could not be restored.

Session expired

The server has moved on; the page needs a fresh start.